 Dungeon Crawl Stone Soup version 0.28.0 (console) character file.

Game seed: 2707261727172494231

95510 ryathie the Severer (level 15, -17/128 HPs)
             Began as a Demigod Wanderer on Feb 4, 2022.
             Demolished by a spriggan defender simulacrum (39 damage)
             ... on level 14 of the Dungeon on Feb 5, 2022.
             The game lasted 01:19:01 (40523 turns).

ryathie the Severer (Demigod Wanderer)             Turns: 40523, Time: 01:19:01

Health: -17/128    AC: 23    Str: 22    XL:     15   Next: 23%
Magic:  18/18      EV: 14    Int: 21    God:
Gold:   1338       SH: 13    Dex: 20    Spells: 14/14 levels left

rFire   . . .      SeeInvis .   I - +5 broad axe (vorpal)
rCold   . . .      Faith    .   p - +0 kite shield
rNeg    . . .      Spirit   .   G - +0 plate armour
rPois   +          Reflect  .   V - +0 helmet
rElec   .          Harm     .   Q - +0 cloak
rCorr   .          Rampage  .   J - +2 pair of gloves {Dex+3}
Will    +....                   c - +0 pair of boots
Stlth   ..........              g - amulet of the acrobat
HPRegen 0.31/turn               W - ring of poison resistance
MPRegen 0.16/turn               K - ring of the Hare {EV+8}

@: no status effects
A: high MP 1, forlorn, divine attributes
a: no special abilities


You were on level 14 of the Dungeon.
You visited 3 branches of the dungeon, and saw 22 of its levels.
You also visited: Ossuary, Bailey and Gauntlet.

You collected 3489 gold pieces.
You spent 2151 gold pieces at shops.

Inventory:

Hand Weapons
 I - a +5 vorpal broad axe (weapon)
 X - the +0 war axe of Compound Interest {flame, rPois Dex+3}
   (You took it off a minotaur in a Gauntlet)

   It burns those it strikes, dealing additional fire damage.
   Big, fiery blades are also staple armaments of hydra-hunters.
   Dex:       It affects your dexterity (+3).
   rPois:     It protects you from poison.
Missiles
 h - 20 poisoned darts (quivered)
 w - a curare-tipped dart
 O - 2 throwing nets
Armour
 c - a +0 pair of boots (worn)
 p - a +0 kite shield (worn)
 G - a +0 plate armour (worn)
 J - a +2 pair of gloves of dexterity (worn)
 Q - a +0 cloak (worn)
 V - a +0 helmet (worn)
Jewellery
 g - an amulet of the acrobat (around neck)
 j - a ring of fire
 k - a ring of flight
 F - a ring of willpower
 H - a ring of resist corrosion
 K - the ring of the Hare (right hand) {EV+8}
   (You bought it in a shop on level 6 of the Dungeon)

   [ring of evasion]

   EV:        It affects your evasion (+8).
 P - a ring of protection from cold
 T - a ring of see invisible
 W - a ring of poison resistance (left hand)
Wands
 e - a wand of iceblast (8)
 A - a wand of charming (10)
 S - a wand of paralysis (13)
 U - a wand of acid (3)
Scrolls
 b - 3 scrolls of fog
 f - 11 scrolls of teleportation
 i - 11 scrolls of identify
 l - a scroll of torment
 s - 3 scrolls of summoning
 t - 3 scrolls of amnesia
 x - 3 scrolls of magic mapping
 y - 2 scrolls of immolation
 C - 7 scrolls of enchant armour
Potions
 a - 7 potions of mutation
 d - a potion of flight
 m - 2 potions of resistance
 n - 2 potions of haste
 o - 8 potions of curing
 q - 3 potions of heal wounds
 r - 3 potions of cancellation
 u - a potion of invisibility
 v - a potion of magic
 z - 2 potions of lignification
 E - 6 potions of brilliance
 M - a potion of attraction
 N - a potion of might
Miscellaneous
 R - a phial of floods (inert)
 Z - a box of beasts (inert)


   Skills:
 + Level 10.8 Fighting
 - Level 18.0 Axes
 - Level 1.0 Throwing
 - Level 11.0 Armour
 - Level 1.0 Dodging
 + Level 10.8 Shields
 - Level 1.7 Unarmed Combat
 + Level 5.5 Evocations


You had 14 spell levels left.
You didn't know any spells.
Your spell library contained the following spells:

 Spells                   Type           Power      Damage    Failure   Level
 Freeze                   Ice            0%         1d3       99%         1
 Ensorcelled Hibernation  Hex/Ice        0%         N/A       100%        2
 Passwall                 Tmut/Erth      0%         N/A       100%        2
 Call Canine Familiar     Summ           0%         N/A       100%        3
 Frozen Ramparts          Ice            0%         1d2       100%        3
 Gell's Gravitas          Tloc           0%         N/A       100%        3
 Inner Flame              Hex/Fire       0%         N/A       100%        3
 Portal Projectile        Hex/Tloc       0%         N/A       100%        3
 Swiftness                Air            0%         N/A       100%        3
 Teleport Other           Tloc           0%         N/A       100%        3
 Animate Dead             Necr           0%         N/A       100%        4
 Cause Fear               Hex            0%         N/A       100%        4
 Hailstorm                Conj/Ice       0%         3d3       100%        4
 Leda's Liquefaction      Hex/Erth       0%         N/A       100%        4
 Borgnjor's Vile Clutch   Necr/Erth      0%         N/A       100%        5
 Summon Forest            Summ/Tloc      0%         N/A       100%        5
 Summon Mana Viper        Hex/Summ       0%         N/A       100%        5
 Death Channel            Necr           0%         N/A       100%        6
 Dispersal                Tloc           0%         N/A       100%        6
 Summon Cactus Giant      Summ           0%         N/A       100%        6
 Borgnjor's Revivificati  Necr           0%         N/A       100%        8
 Discord                  Hex            0%         N/A       100%        8
 Necromutation            Tmut/Necr      0%         N/A       100%        8
 Chain Lightning          Conj/Air       0%         N/A       100%        9
 Death's Door             Necr           0%         N/A       100%        9
 Fire Storm               Conj/Fire      0%         5d1       100%        9
 Shatter                  Erth           0%         3d5*      100%        9


Dungeon Overview and Level Annotations

Branches:
Dungeon (14/15)            Temple (0/1) D:4            Lair (6/6) D:10
 Shoals (0/4) Lair:4       Spider (0/4) Lair:4        Slime (0/5) Lair:6
    Orc (2/2) D:12            Elf (0/3) Orc:2        Vaults (0/5) D:14
Ossuary (visited)          Bailey (visited)         Gauntlet (visited)

Shops:
D:4 *   D:6 (=   D:7 ?   Orc:2 =(*[

Portals:
Trove: D:11 (give horn of Geryon)
Ice
Cave: D:14

Annotations:
D:12 2 transporters, Cooqonn's ghost, journeyman DsVM
Lair:2 exclusion: oklob plant, Urug
Lair:4 3 runed translucent doors, Nubia's ghost, journeyman GnEn; Rupert
Orc:2 3 runed translucent doors, Qihugg's ghost, journeyman DsAK


Innate Abilities, Weirdness & Mutations

You have an increased reservoir of magic. (+10% MP)
You shall have no god before yourself.
Your divine heritage dramatically boosts your attributes as you level up.


Message History

The spriggan defender simulacrum freezes you!!
You are too injured to fight recklessly!
You block the spriggan defender simulacrum's attack.
You slice the spriggan defender simulacrum!!
The spriggan defender simulacrum is severely damaged.
The spriggan defender simulacrum hits you but does no damage.
You miss the spriggan defender simulacrum.
The spriggan defender simulacrum is severely damaged.
The spriggan defender simulacrum hits you but does no damage.
Aim the phial where?
Press: ? - help, Shift-Dir - straight line The torrent of water misses the spriggan defender simulacrum.
The torrent of water hits the spriggan defender simulacrum.
The spriggan defender simulacrum is severely damaged.
The spriggan defender simulacrum is knocked back by the torrent of water.
The spriggan defender simulacrum collides with the minotaur simulacrum!
The minotaur simulacrum is lightly damaged.
The spriggan defender simulacrum is almost destroyed.
The wave splashes down.
Splash!
You fall into the shallow water.
Moving in this stuff is going to be slow.
The spriggan defender simulacrum splashes around in the water.
You block the spriggan defender simulacrum's attack.
You open the lid... ...and a larval oxweird beast leaps out!
The box is emptied!
The spriggan defender simulacrum barely misses you.
Your larval oxweird beast misses the spriggan defender simulacrum.
Your larval oxweird beast closely misses the spriggan defender simulacrum.
Your larval oxweird beast grabs the spriggan defender simulacrum.
Your larval oxweird beast constricts the spriggan defender simulacrum.
The spriggan defender simulacrum hits you!
The spriggan defender simulacrum freezes you!!!
* * * LOW HITPOINT WARNING * * *
You feel much better.
The spriggan defender simulacrum hits you.
* * * LOW HITPOINT WARNING * * *
The spriggan defender simulacrum freezes you!!!
You die...

#...* *****###...##### #...*
#..#,+,#...#...#** #...*
#..#.*,#...#...#,, *####...*
#..#.*,#...#...#,* *......$*
#...,*,#...'.∩.#,* *.......*
#..#**+#...#...#,* *.......*
#..#,,,#...#...#,* *.......*
#..#,,,+...#...#,*
*.....≈≈####@.#####...#######
**#...≈≈Z≈ZZH..........|.....
#...≈≈####...######.#######
****#.....* #...# #.#,,,,,,
*,,.......* ##### #.#,****,
*,,.......* #.#,* *,
**,,∩......* #.#,* **
*,,,.......* #.#,* *,
*,,,.......* #.#,* *,


You could see 2 spriggan defender simulacra, a minotaur simulacrum and a
friendly larval oxweird beast (summoned).

Vanquished Creatures
  Kirke (Lair:5)
  An orc warlord (D:11)
  Nessos (D:14)
  A dire elephant (Lair:6)
  A minotaur (Gauntlet)
  A blizzard demon (Gauntlet)
  An ettin (Orc:2)
  A green death (Gauntlet)
  Harold (Lair:1)
  A great orb of eyes (D:13)
  A catoblepas (Lair:6)
  Fannar (Lair:1)
  5 hydras
  A centaur warrior (D:13)
  10 two-headed ogres
  9 death yaks
  A death scarab (Gauntlet)
  3 tengu warriors (D:13)
  A deep troll shaman (Lair:6)
  3 orc high priests
  A spectral death yak (Gauntlet)
  8 orc knights
  4 harpies (D:13)
  3 ugly things
  A necromancer (D:14)
  7 orc sorcerers
  Pikel (D:8)
  4 manticores
  A mana viper (shapeshifter) (D:9)
  A moth of wrath (Gauntlet)
  Joseph (D:8)
  16 elephants
  2 merfolk sirens (Lair:4)
  4 cyclopes
  9 cane toads
  5 black mambas
  A gargoyle (D:13)
  3 unseen horrors
  2 kobold demonologists
  7 komodo dragons
  4 rime drakes
  An anaconda simulacrum (D:14)
  2 hornets
  3 trolls
  2 polar bears
  A merfolk (Lair:4)
  A raiju (Gauntlet)
  10 blink frogs
  A vampire (D:10)
  A culicivora (Lair:4)
  6 wyverns
  2 shadows
  A wraith (D:12)
  A hog (Lair:5)
  76 yaks
  A golden eye (shapeshifter) (D:12)
  5 basilisks
  A redback (Lair:2)
  4 steam dragons
  A warg (Orc:1)
  2 acid dragons
  A harpy simulacrum (D:14)
  15 water moccasins
  4 sky beasts
  36 orc warriors
  A black bear (D:4)
  4 ogres
  35 wolves
  3 centaurs
  A lemure (D:8)
  2 kobold brigands
  8 bullfrogs
  A scorpion (D:4)
  9 wights (D:8)
  3 electric eels
  6 howler monkeys
  2 hounds
  4 centaur zombies
  A human zombie (Ossuary)
  2 jellies (Lair:6)
  A gnoll shaman (D:7)
  A bullfrog skeleton (D:5)
  22 orc priests
  21 orc wizards
  2 iguanas
  A killer bee zombie (D:6)
  2 mummies (Ossuary)
  2 howler monkey skeletons
  3 gnolls (D:7)
  8 adders
  2 white imps
  2 ufetubi (D:7)
  An adder skeleton (D:4)
  3 worms
  A dart slug (D:2)
  77 orcs
  5 ball pythons
  15 endoplasms
  4 giant cockroaches
  2 gnoll zombies (Ossuary)
  12 goblins
  7 hobgoblins
  8 jackals (D:1)
  6 quokkas
  5 bats
  2 frilled lizards (D:1)
  7 goblin zombies (Ossuary)
  2 hobgoblin zombies (Ossuary)
  15 kobolds
  2 orc zombies (Ossuary)
  3 rats
  A butterfly (Lair:5)
635 creatures vanquished.

Vanquished Creatures (collateral kills)
  The ghost of cbfl8 the Cruncher, a novice MiBe of Trog (D:12)
  A two-headed ogre (D:10)
  A deep elf pyromancer (D:9)
  2 yaks (D:9)
5 creatures vanquished.

Vanquished Creatures (others)
  A tengu warrior (D:13)
  A black mamba (Lair:6)
  A slime creature (D:14)
  6 humans (Lair:6)
  A wyvern (D:9)
  A yak (Lair:4)
  A meliai simulacrum (D:14)
  A bush (Lair:6)
  45 fungi
  54 plants
112 creatures vanquished.

Grand Total: 752 creatures vanquished

Notes
Turn   | Place    | Note
-------+----------+-------------------------------------------
     0 | D:1      | ryathie the Demigod Wanderer began the quest for the Orb.
     0 | D:1      | ryathie set off with the following items: a +0 dagger, a
                  | scroll of fog, a +0 pair of boots, a +0 robe, a wand of
                  | iceblast (4)
     0 | D:1      | Reached XP level 1. HP: 18/18 MP: 3/3
   256 | D:1      | Reached XP level 2. HP: 15/26 MP: 4/4
  1261 | D:1      | Reached XP level 3. HP: 23/33 MP: 5/5
  3083 | D:3      | Reached XP level 4. HP: 41/41 MP: 6/6
  3839 | D:4      | Found Cilup's Assorted Antiques.
  3860 | D:4      | Reached skill level 5 in Fighting
  3869 | D:4      | Reached skill level 2 in Axes
  3869 | D:4      | Reached XP level 5. HP: 37/48 MP: 7/7
  4014 | D:4      | Found a sand-covered staircase.
  4018 | Ossuary  | Entered an ossuary
  4189 | Ossuary  | Reached skill level 3 in Axes
  4603 | D:4      | Bought a runed war axe for 195 gold pieces
  4606 | D:4      | Bought a glowing lead wand for 120 gold pieces
  4606 | D:4      | Bought a scroll labelled UGEQIE NAWN for 30 gold pieces
  4936 | D:4      | Found a staircase to the Ecumenical Temple.
  5354 | D:4      | Noticed a black bear
  5369 | D:3      | Reached XP level 6. HP: 55/56 MP: 8/8
  5460 | D:4      | Reached skill level 4 in Axes
  5688 | D:5      | Entered Level 5 of the Dungeon
  5772 | D:5      | Reached skill level 5 in Axes
  5882 | D:5      | Reached XP level 7. HP: 45/61 MP: 9/9
  6542 | D:6      | Reached skill level 6 in Axes
  6717 | D:6      | Found Hihotyud's Antique Weapon Shoppe.
  7122 | D:6      | You fall into a shaft and drop 3 floors!
  7188 | D:9      | Noticed a kobold demonologist
  7196 | D:9      | Noticed a chaos spawn
  7196 | D:9      | Killed a kobold demonologist
  7197 | D:9      | Reached skill level 7 in Axes
  7197 | D:9      | Reached XP level 8. HP: 57/68 MP: 10/10
  7276 | D:9      | Noticed a deep elf pyromancer
  7285 | D:9      | Noticed a hornet
  7293 | D:9      | Killed a deep elf pyromancer
  7294 | D:9      | Reached skill level 9 in Axes
  7901 | D:7      | Found Rukixin's Magic Scroll Emporium.
  7906 | D:7      | Bought a scroll of amnesia for 38 gold pieces
  7906 | D:7      | Bought a scroll of summoning for 104 gold pieces
  7906 | D:7      | Bought a scroll of immolation for 38 gold pieces
  7907 | D:7      | Identified the +1 robe of the Ancient Visions {rF++ rC-
                  | Will+++ Slay+3}
  7978 | D:7      | Reached skill level 1 in Armour
  8679 | D:6      | Found Atid's Jewellery Boutique.
  8796 | D:7      | Reached skill level 10 in Axes
  8915 | D:7      | Reached XP level 9. HP: 70/74 MP: 11/11
  9257 | D:8      | Noticed Pikel
  9263 | D:8      | Killed Pikel
 10161 | D:8      | Noticed Joseph
 10172 | D:8      | Killed Joseph
 10173 | D:8      | Reached skill level 5 in Armour
 10889 | D:9      | Noticed a two-headed ogre
 10900 | D:9      | Noticed a mana viper
 10900 | D:9      | a two-headed ogre changed into a mana viper
 10905 | D:9      | Killed a mana viper
 10906 | D:9      | Reached skill level 11 in Axes
 11347 | D:9      | Reached XP level 10. HP: 31/81 MP: 13/13
 12036 | D:10     | Entered Level 10 of the Dungeon
 12095 | D:10     | Found a flagged portal.
 12238 | Bailey   | Entered a bailey
 12690 | Bailey   | Reached skill level 13 in Axes
 12690 | Bailey   | Reached XP level 11. HP: 86/86 MP: 14/14
 12703 | Bailey   | Noticed an orc knight
 12837 | Bailey   | Killed an orc knight
 13215 | Bailey   | Noticed an orc knight
 13226 | Bailey   | Acquired 1178 gold pieces
 13270 | Bailey   | Killed an orc knight
 14526 | D:10     | Noticed a two-headed ogre
 15531 | D:10     | Found a staircase to the Lair.
 15817 | D:6      | Bought the ring of the Hare {EV+8} for 1536 gold pieces
 15817 | D:6      | Found the ring of the Hare {EV+8}
 16093 | D:10     | Killed a two-headed ogre
 16380 | Lair:1   | Entered Level 1 of the Lair of Beasts
 16384 | Lair:1   | Noticed a six-headed hydra
 16395 | Lair:1   | Killed a three-headed hydra
 16396 | Lair:1   | Reached skill level 10 in Armour
 17144 | Lair:1   | Reached XP level 12. HP: 97/97 MP: 15/15
 18168 | Lair:1   | Noticed a six-headed hydra
 18184 | Lair:1   | Killed a two-headed hydra
 18553 | Lair:2   | Noticed Urug
 19076 | Lair:2   | Reached skill level 14 in Axes
 19076 | Lair:2   | Reached skill level 1 in Shields
 19301 | Lair:2   | Noticed Nergalle
 19301 | Lair:2   | Noticed Harold
 19375 | Lair:1   | Killed Harold
 19559 | Lair:2   | Noticed Nergalle
 19559 | Lair:2   | Nergalle changed into Nergalle the redback
 19565 | Lair:2   | Killed Nergalle the redback
 19841 | Lair:2   | Noticed Fannar
 19911 | Lair:1   | Killed Fannar
 20915 | Lair:3   | Noticed an eight-headed hydra
 21454 | Lair:3   | Killed a three-headed hydra
 22088 | Lair:4   | Found a hole to the Spider Nest.
 22166 | Lair:4   | Found a runed translucent gate.
 22189 | Lair:4   | Noticed Rupert
 22986 | Lair:4   | Found a runed translucent gate.
 22986 | Lair:4   | Found a runed translucent gate.
 22986 | Lair:4   | Noticed an azure jelly
 22986 | Lair:4   | Noticed an azure jelly
 22986 | Lair:4   | Noticed an azure jelly
 22986 | Lair:4   | Noticed an acid blob
 22986 | Lair:4   | Noticed an acid blob
 22986 | Lair:4   | Noticed an azure jelly
 22986 | Lair:4   | Noticed a rockslime
 22986 | Lair:4   | Noticed an acid blob
 22987 | Lair:4   | Noticed Nubia's ghost (journeyman GnEn)
 22987 | Lair:4   | Noticed an acid blob
 22987 | Lair:4   | Noticed an azure jelly
 22987 | Lair:4   | Noticed a rockslime
 22987 | Lair:4   | Noticed an azure jelly
 23788 | Lair:4   | Found a staircase to the Shoals.
 24182 | Lair:5   | Reached XP level 13. HP: 108/108 MP: 16/16
 24201 | Lair:5   | Reached skill level 5 in Shields
 25065 | Lair:6   | Entered Level 6 of the Lair of Beasts
 25192 | Lair:6   | Reached skill level 15 in Axes
 25683 | Lair:6   | Found a staircase to the Slime Pits.
 25983 | Lair:6   | Noticed Kirke
 26099 | Lair:5   | Killed Kirke
 27005 | Lair:6   | Reached skill level 10 in Fighting
 29183 | Lair:6   | Reached skill level 16 in Axes
 29334 | Lair:6   | Noticed a dire elephant
 29557 | Lair:6   | Reached XP level 14. HP: 101/121 MP: 17/17
 30041 | Lair:6   | Identified the +7 whip of the Scroll {venom, MP+9 Dex+2}
 30492 | D:11     | Found a portal to a secret trove of treasure.
 31918 | D:12     | Found a transporter.
 31930 | D:12     | Found a transporter.
 31934 | D:12     | Found a gate leading to a gauntlet.
 31936 | D:12     | Noticed Cooqonn's ghost (journeyman DsVM)
 31966 | Gauntlet | Entered a Gauntlet
 31966 | Gauntlet | Found a transporter.
 32036 | Gauntlet | Found a transporter.
 32036 | Gauntlet | Found a transporter.
 32037 | Gauntlet | Found a transporter.
 32048 | Gauntlet | Found a transporter.
 32049 | Gauntlet | Found a transporter.
 32050 | Gauntlet | Found a transporter.
 32058 | Gauntlet | Found a transporter.
 32061 | Gauntlet | Found a transporter.
 32062 | Gauntlet | Found a transporter.
 32066 | Gauntlet | Found a runed translucent door.
 32068 | Gauntlet | Found a runed translucent door.
 32070 | Gauntlet | Found a transporter.
 32073 | Gauntlet | Found a transporter.
 32074 | Gauntlet | Found a transporter.
 32082 | Gauntlet | Found a transporter.
 32988 | Gauntlet | Identified the +0 war axe of Compound Interest {flame,
                  | rPois Dex+3}
 33103 | D:12     | Reached skill level 10 in Shields
 33251 | D:12     | Found a staircase to the Orcish Mines.
 33875 | Orc:1    | Entered Level 1 of the Orcish Mines
 33916 | Orc:1    | Reached skill level 17 in Axes
 34709 | Orc:1    | Found a transporter.
 34713 | Orc:1    | Noticed cbfl8's ghost (novice MiBe)
 34715 | Orc:1    | Identified the +6 great mace of Yesterday {drain, rElec
                  | Dex+4}
 34739 | Orc:1    | Found a transporter.
 35019 | D:12     | Killed cbfl8's ghost
 35455 | Orc:2    | Entered Level 2 of the Orcish Mines
 35459 | Orc:2    | Paralysed by an orc sorcerer for 5 turns
 35703 | Orc:2    | Found a runed translucent gate.
 35703 | Orc:2    | Found a runed translucent gate.
 35708 | Orc:2    | Found a runed translucent gate.
 35717 | Orc:2    | Noticed Qihugg's ghost (journeyman DsAK)
 36074 | Orc:2    | Found a staircase to the Elven Halls.
 36852 | Orc:2    | Noticed an orc warlord
 37201 | D:11     | Killed an orc warlord
 37770 | Orc:2    | Reached skill level 18 in Axes
 38471 | Orc:2    | Found Tawnearo's Antique Armour Emporium.
 38472 | Orc:2    | Found Hiegeir's Antique Weapon Emporium.
 38474 | Orc:2    | Found Sagid's General Store.
 38474 | Orc:2    | Found Cuutishr Ugri's Jewellery Shoppe.
 38644 | Orc:2    | Bought a scroll of teleportation for 45 gold pieces
 38644 | Orc:2    | Bought a potion of curing for 45 gold pieces
 38741 | Orc:1    | Reached XP level 15. HP: 57/127 MP: 18/18
 39218 | D:13     | Paralysed by a great orb of eyes for 3 turns
 39659 | D:13     | Reached skill level 5 in Evocations
 40468 | D:14     | Found a gate to the Vaults.
 40476 | D:14     | Noticed Nessos
 40485 | D:14     | Killed Nessos
 40504 | D:14     | Found a frozen archway.
 40522 | D:14     | HP: 2/128 [spriggan defender simulacrum (37)]
 40523 | D:14     | Demolished by a spriggan defender simulacrum

Illustrated notes

Levels and vault maps discovered:
D:1:      minmay_arrival_glassed_features, layout_basic
D:2:      layout_basic, dreamdust_ecumenical_altar_statues,
          chequers_serial_rivers_room_b, hex_large
D:3:      layout_rooms
D:4:      layout_basic, minmay_temple_entry_stoned_glass, serial_shops,
          nicolae_stop_n_shop_1, nicolae_ossuary_entry_plus
D:5:      layout_loops_ring
D:6:      layout_basic, serial_shops, shop, nicolae_shop_advertising_works
          [nicolae_subvault_shop_adworks]
D:7:      layout_loops_ring, serial_shops, shop
D:8:      layout_loops_ring, nrook_uturn, uniq_joseph, uniq_pikel
D:9:      layout_stronghold, jmf_multi_god_temple
D:10:     layout_roguey, erik_lair_dragon, enter_bailey_5, minivault_25_ag
D:11:     layout_rooms, serial_glass, glass_columns_a, glass_columns_b,
          glass_columns_a, nicolae_trove_entry_crossroad
D:12:     layout_gridville, orc_0_dummy, gauntlet_entry_generic,
          nzn_ghost_randoct
D:13:     layout_rooms, hangedman_aviary
D:14:     minmay_mutant_horseshoe, layout_basic, david_vaults_1,
          portal_ice_cave_entry_ice_simulacra, uniq_nessos, uniq_azrael
Lair:1:   layout_layer_cave, hangedman_lair_unloving_vines
Lair:2:   layout_cave_pods, infiniplex_staircase_pool, uniq_fannar,
          uniq_nergalle, uniq_urug, uniq_harold
Lair:3:   layout_big_grid, grunt_megastairs_1
Lair:4:   layout_regular_city, elwin_shoals_entry_rooms,
          hellmonk_spider_entry_life_and_decay, gammafunk_ghost_ooze,
          serial_bayou_shore_a, uniq_rupert
Lair:5:   layout_regular_city, lemuel_fruit_fields, lemuel_fruit_fields
Lair:6:   grunt_lair_end_beastmaster, layout_long_grid,
          nicolae_slime_entry_slimehenge, st_stairs_8, columned_hall_lemuel,
          chequers_serial_rivers_marsh, uniq_kirke
Orc:1:    layout_caves, gammafunk_ghost_smash
Orc:2:    st_orc_congregation, layout_caves, ebering_ghost_rock_garden

Skill      XL: |  1  2  3  4  5  6  7  8  9 10 11 12 13 14 15 |
---------------+----------------------------------------------+-----
Fighting       | 3 4 5 6 8 10 | 10.8
Axes           | 2 3 5 7 10 11 13 14 16 18 | 18.0
Evocations     | 3 4 5 |  5.5
Armour         | 2 5 9 10 11 | 11.0
Shields        | 4 8 10 | 10.8
Throwing       | |  1.0
Dodging        | |  1.0
Unarmed Combat | |  1.7

Action                   |  1- 3 |  4- 6 |  7- 9 | 10-12 | 13-15 || total
-------------------------+-------+-------+-------+-------+-------++-------
Melee: Dagger            |   212 |       |       |       |       ||   212
       Punch             |     5 |     3 |     8 |    10 |       ||    26
       Short sword       |    32 |    33 |       |       |       ||    65
       Hand axe          |       |   121 |       |       |       ||   121
       War axe           |       |    62 |   223 |   258 |    13 ||   556
       Broad axe         |       |       |       |   373 |  1333 ||  1706
Throw: Dart              |    13 |    28 |    15 |    42 |    20 ||   118
       Boomerang         |     8 |       |       |       |       ||     8
Evoke: Wand              |       |       |    14 |    29 |     8 ||    51
       Phial of floods   |       |       |       |       |     4 ||     4
       Box of beasts     |       |       |       |       |     2 ||     2
  Use: Scroll            |     1 |     2 |    14 |    12 |    11 ||    40
       Potion            |       |       |     1 |     6 |     7 ||    14
 Stab: Sleeping          |     2 |     1 |       |       |       ||     3
       Petrified         |       |       |       |       |     4 ||     4
       Petrifying        |       |       |       |       |     1 ||     1
       Distracted        |       |       |       |       |     1 ||     1
       Paralysed         |       |       |       |       |     5 ||     5
       Invisible         |       |       |       |       |     3 ||     3
Armor: Robe              |    43 |       |       |       |       ||    43
       Leather armour    |     9 |    14 |       |       |       ||    23
       Chain mail        |       |    93 |    49 |       |       ||   142
       Plate armour      |       |       |    94 |   215 |   491 ||   800
       Skin              |       |       |       |     3 |       ||     3
Dodge: Dodged            |   144 |    89 |    76 |   367 |   659 ||  1335
Block: Kite shield       |       |       |       |   163 |   773 ||   936
